 Dungeon Crawl Stone Soup version 0.16.1 (webtiles) character file.

288 Fiveotanaka the Basher (level 6, -1/51 HPs)
             Began as a Minotaur Berserker on Mar 24, 2015.
             Was a Priest of Trog.
             Succumbed to a gnoll's poison
             ... on level 4 of the Dungeon.
             The game lasted 00:07:30 (2619 turns).

Fiveotanaka the Basher (Minotaur Berserker)         Turns: 2619, Time: 00:07:31

Health: -1/51      AC: 14    Str: 27    XL:     6   Next: 9%
Magic:  3/3        EV: 11    Int:  4    God:    Trog [***...]
Gold:   193        SH:  0    Dex: 11    Spells: 0 memorised, 5 levels left

rFire  . . .     SeeInvis .     u - +0 morningstar
rCold  . . .     Clarity  .     v - +0 scale mail
rNeg   . . .     SustAb   .     (no shield)
rPois  +         Gourm    .     (helmet restricted)
rElec  .         Spirit   .     l - +0 cloak
rCorr  .         Warding  .     m - +0 pair of gloves
rMut   .         Stasis   .     (no boots)
MR     .....                    (no amulet)
Stlth  ..........               w - ring of poison resistance
                                r - +6 ring of protection

@: mighty, lethally poisoned (-1 -> -9), exhausted, slowed, very slow, not
resistant to hostile enchantments, extremely unstealthy
A: retaliatory headbutt, horns 2
a: Burn Spellbooks, Berserk, Trog's Hand, Renounce Religion


You were on level 4 of the Dungeon.
You worshipped Trog.
Trog was most pleased with you.
You were hungry.

You visited 1 branch of the dungeon, and saw 4 of its levels.

You collected 193 gold pieces.

Inventory:

Hand weapons
 a - a +0 mace
 u - a +0 morningstar (weapon)
Missiles
 j - 163 stones (quivered)
 y - 4 tomahawks
 A - a throwing net
Armour
 l - a +0 cloak (worn)
 m - a +0 pair of gloves (worn)
 v - a +0 scale mail (worn)
Jewellery
 r - a +6 ring of protection (left hand)
 w - a ring of poison resistance (right hand)
 x - an uncursed amulet of stasis
Magical devices
 s - a wand of confusion (35)
Scrolls
 e - 4 scrolls of remove curse {unknown}
 f - 7 scrolls of identify {unknown}
 i - a scroll of noise {unknown}
 n - a scroll of enchant armour {unknown}
 t - a scroll of teleportation {unknown}
 D - a scroll of fog {unknown}
 E - 3 scrolls of immolation {unknown}
Potions
 b - a potion of lignification {unknown}
 d - 2 potions of might
 g - a potion of mutation {unknown}
 h - a potion of beneficial mutation {unknown}
 k - 2 potions of heal wounds {unknown}
 p - a potion of curing {unknown}
 q - a potion of restore abilities {unknown}
 z - a potion of brilliance {unknown}
 C - a potion of resistance {unknown}
 F - a potion of berserk rage {unknown}
Comestibles
 c - 4 bread rations
 o - 5 meat rations
 B - 4 fruits


   Skills:
 - Level 3.6 Fighting
 + Level 8.3 Maces & Flails
 - Level 2.4 Armour
 - Level 2.1 Dodging


You had 5 spell levels left.
You didn't know any spells.

Dungeon Overview and Level Annotations

Branches:
Dungeon (4/15)
 Temple: D:4-7

Altars:
Elyvilon
Makhleb
Nemelex Xobeh
Okawaru
Ru


Innate Abilities, Weirdness & Mutations

You reflexively headbutt those who attack you in melee.
You have a pair of horns on your head.


Message History

You closely miss the gnoll.
The gnoll is almost dead.
You are feeling hungry.
The gnoll hits you but does no damage. The gnoll barely misses you.
The gnoll hits you but does no damage.
You are more poisoned.
The gnoll hits you but does no damage.
You are electrocuted!
* * * LOW HITPOINT WARNING * * *
Drink which item? (? for menu, Esc to quit)
It was a potion of might.
You feel very mighty all of a sudden.
* * * LOW HITPOINT WARNING * * *
You feel sick. The gnoll hits you but does no damage. Space bends around you.
* * * LOW HITPOINT WARNING * * *
The gnoll hits you but does no damage.
Unknown command.
You hit the gnoll! You headbutt the gnoll.
You kill the gnoll!
Trog accepts your kill.
You die...

# #≈..≈≈ ##..# #
≈.≈.≈ ##...# #
#≈)##...# ### #
#≈)....# #..# #
#≈#.≈.≈.#....####..#
#.≈≈#.##....##...#
.#≈⌠..≈#?.......#
≈.##.#⌠#...g....# g
g#.##...)@..## ..
.##........## #
##..........##.# ##
##...........#
.##### ##.....###..#
.#...# ##..### ..#
...# #..# #.# ..##
#..#######. .##
#........>.#


You could see a gnoll.

Vanquished Creatures
  An ogre (D:4)
  A worker ant (D:4)
  An iguana (D:3)
  Terence (D:2)
  4 gnolls (D:4)
  3 adders
  A giant mite (D:1)
  A worm (D:2)
  6 giant geckos
  An ooze (D:2)
  An orc (D:3)
  A ball python (D:2)
  7 bats
  A giant cockroach (D:2)
  14 goblins
  9 hobgoblins
  9 jackals
  A giant newt (D:1)
  2 kobolds
  10 rats
75 creatures vanquished.

Notes
Turn   | Place    | Note
--------------------------------------------------------------
     0 | D:1      | Fiveotanaka, the Minotaur Berserker, began the quest for the Orb.
     0 | D:1      | Reached XP level 1. HP: 19/19 MP: 1/1
    92 | D:1      | Reached skill level 4 in Maces & Flails
   123 | D:1      | Reached XP level 2. HP: 21/26 MP: 1/1
   879 | D:2      | Reached skill level 5 in Maces & Flails
   883 | D:2      | Reached XP level 3. HP: 31/31 MP: 2/2
   982 | D:2      | Acquired Trog's second power
  1110 | D:2      | Found a sacrificial altar of Ru.
  1121 | D:2      | Found a sparkling altar of Nemelex Xobeh.
  1126 | D:2      | Found a burning altar of Makhleb.
  1449 | D:2      | Noticed Terence
  1457 | D:2      | Killed Terence
  1457 | D:2      | Reached skill level 6 in Maces & Flails
  1457 | D:2      | Reached XP level 4. HP: 37/39 MP: 2/2
  1966 | D:3      | Found an iron altar of Okawaru.
  1999 | D:3      | Found a white marble altar of Elyvilon.
  2173 | D:4      | Reached skill level 7 in Maces & Flails
  2173 | D:4      | Reached XP level 5. HP: 40/45 MP: 2/2
  2589 | D:4      | Noticed an ogre
  2595 | D:4      | Killed an ogre
  2595 | D:4      | Reached skill level 8 in Maces & Flails
  2613 | D:4      | Reached XP level 6. HP: 22/51 MP: 3/3
  2618 | D:4      | HP: 1/51 [gnoll/dagger of chaos (3)]
  2619 | D:4      | Succumbed to a gnoll's poison

Action                   |  1- 3 |  4- 6 || total
-------------------------+-------+-------++-------
Melee: Mace              |    85 |     3 ||    88
       Morningstar       |       |    70 ||    70
Invok: Berserk           |     1 |     1 ||     2
       Burn Spellbooks   |     1 |       ||     1
  Use: Potion            |       |     1 ||     1
  Eat: Chunk             |     3 |     4 ||     7
